 Dungeon Crawl Stone Soup version 0.30-a0-879-ga8ba668304 (webtiles) character file.

Game seed: 2487270010977015505

42 Indecide the Ducker (level 3, -6/30 HPs)
             Began as a Merfolk Monk on Mar 13, 2023.
             Mangled by Sigmund
             ... wielding a +1 heavy scythe
              (15 damage)
             ... on level 2 of the Dungeon.
             The game lasted 00:08:41 (866 turns).

Indecide the Ducker (Merfolk Monk)                   Turns: 866, Time: 00:08:41

Health: -6/30      AC:  3    Str: 11    XL:     3   Next: 54%
Magic:  3/3        EV: 14    Int:  9    God:
Gold:   46         SH:  0    Dex: 18    Spells: 2/2 levels left

rFire   . . .      SeeInvis .    a - +0 spear
rCold   . . .      Faith    .    (no shield)
rNeg    . . .      Spirit   .    b - +0 robe
rPois   .          Reflect  .    (no helmet)
rElec   .          Rampage  .    (no cloak)
rCorr   .                        f - +0 pair of gloves
Will    .....                    (no boots)
Stlth   ++                       (no amulet)
HPRegen 0.25/turn                e - ring of flight
MPRegen 0.08/turn                (no ring)

@: flying
A: (nimble swimmer 2), mertail
a: no special abilities


You were on level 2 of the Dungeon.
You visited 1 branch of the dungeon, and saw 2 of its levels.

You collected 46 gold pieces.

Inventory:

Hand Weapons
 a - a +0 spear (weapon)
 i - a +2 sling of draining
 l - a +1 short sword of venom
Missiles
 m - a stone (quivered)
Armour
 b - a +0 robe (worn)
 f - a +0 pair of gloves (worn)
Jewellery
 e - a ring of flight (left hand)
Scrolls
 d - a scroll of fear {unknown}
 g - a scroll of identify {unknown}
 j - a scroll of enchant weapon {unknown}
 k - a scroll of acquirement {unknown}
Potions
 c - a potion of ambrosia
 h - a potion of heal wounds {unknown}


   Skills:
 + Level 3.6 Fighting
 + Level 4.7 Polearms
 + Level 4.7 Dodging
 + Level 2.6 Stealth


You had 2 spell levels left.
You didn't know any spells.
Your spell library contained the following spells:

 Spells                   Type           Power      Damage    Failure   Level
 Blink                    Tloc           0%         N/A       52%         2
 Lesser Beckoning         Tloc           0%         N/A       52%         2
 Momentum Strike          Conj/Tloc      0%         3d8       52%         2


Dungeon Overview and Level Annotations

Branches:
Dungeon (2/15)

Altars:

Annotations:
D:2 Sigmund


Innate Abilities, Weirdness & Mutations

((You are very nimble when in or above water. (Stealth+, EV+, Speed+++)))
Your lower body shifts to a powerful aquatic tail in water.


Message History

Sigmund screams, "I am the angel of ZOT!!!"
Sigmund points at you and mumbles some strange words.
The magic dart hits you!
Reach: a) +0 spear
Press: ? - help, Dir - move target, f/p - Sigmund
Aim: Sigmund, wielding a +1 heavy scythe and wearing a +0 robe (moderately wounded, about 37% to evade your +0 spear)
You hit Sigmund.
Sigmund is heavily wounded.
Sigmund hits you with a +1 heavy scythe.
Reach: a) +0 spear
Press: ? - help, Dir - move target, f/p - Sigmund
Aim: Sigmund, wielding a +1 heavy scythe and wearing a +0 robe (heavily wounded, about 37% to evade your +0 spear)
You hit Sigmund.
Sigmund is severely wounded.
Reach: a) +0 spear
Press: ? - help, Dir - move target, f/p - Sigmund
Aim: Sigmund, wielding a +1 heavy scythe and wearing a +0 robe (severely wounded, about 37% to evade your +0 spear)
You barely miss Sigmund. You punch Sigmund.
Sigmund is severely wounded.
Sigmund flickers, as though insubstantial.
Sigmund casts a spell.
Sigmund flickers and vanishes!
Deactivating autopickup; reactivate with Ctrl-A.
Reach: a) +0 spear
Press: ? - help, Dir - move target, f - you That would be overly suicidal.
Okay, then.
Reach: a) +0 spear
Press: ? - help, Dir - move target You hit something.
Reach: a) +0 spear
Press: ? - help, Dir - move target You hit something.
You hear some strange, mumbled words.
A puff of flame appears from out of thin air!
The puff of flame hits you!
* * * LOW HITPOINT WARNING * * *
Something hits you!
Ouch! That really hurt!
You die...

...... P>...
P...# .♣
...# ..P
P..+
.PP♣♣♣P.####
#.P..♣..{..#
#.P.P.@#
##...P.###.#
##........#
#...######
#...<.♣
###.#♣♣ #.♣
..P ##..


There were no monsters in sight!

Vanquished Creatures
  A gnoll (D:1)
  A dart slug (D:1)
  3 endoplasms (D:1)
  A giant cockroach (D:1)
  3 hobgoblins
  3 kobolds (D:1)
  2 quokkas (D:1)
  2 ball pythons (D:1)
  5 bats
  A frilled lizard (D:1)
  5 goblins (D:1)
  2 rats (D:1)
29 creatures vanquished.

Vanquished Creatures (others)
  4 plants (D:2)
4 creatures vanquished.

Grand Total: 33 creatures vanquished

Notes
Turn   | Place    | Note
-------+----------+-------------------------------------------
     0 | D:1      | Indecide the Merfolk Monk began the quest for the Orb.
     0 | D:1      | Reached XP level 1. HP: 18/18 MP: 1/1
    56 | D:1      | Reached XP level 2. HP: 15/24 MP: 2/2
   441 | D:1      | Reached XP level 3. HP: 12/30 MP: 3/3
   844 | D:2      | Noticed Sigmund
   866 | D:2      | Mangled by Sigmund

Illustrated notes

Levels and vault maps discovered:
D:1:      spicycebolla_arrival_ecumenical, layout_basic
D:2:      layout_basic, serial_shops, nicolae_shop_behind_doors, serial_forest,
          infiniplex_forest_end_2, infiniplex_forest_straight_3,
          infiniplex_forest_clump_diagonal, infiniplex_forest_clump_tiny,
          infiniplex_forest_clump_small, infiniplex_forest_end_2,
          grunt_decor_cap, uniq_terence, uniq_sigmund

Action                     || total
---------------------------++-------
  Melee: Spear             ||   122
         Punch             ||     1
  Throw: Stone             ||     3
   Stab: Sleeping          ||     2
 Armour: Robe              ||    17
  Dodge: Dodged            ||   103

Table legend: (Time is in decaauts)
 A = Elapsed time spent in this place.
 B = Non-inter-level travel time spent in this place.
 C = Inter-level travel time spent in this place.
 D = Time resting spent in this place.
 E = Time spent auto-exploring this place.
 F = Levels seen in this place.
 G = Mean time per level.
                   A        B        C        D        E       F      G
               +--------+--------+--------+--------+--------+-----+--------+
         Total |    851 |    851 |      0 |      0 |    332 |   2 |  425.5 |
       Dungeon |    851 |    851 |      0 |      0 |    332 |   2 |  425.5 |
               +--------+--------+--------+--------+--------+-----+--------+

Top non-repeatable levels by time:
     D:1: 825 daAuts
     D:2: 25 daAuts
